[Event "Titled Tuesday Blitz August 22 Early 2023"]
[White "Sarkar, Justin"]
[Black "Baghdasaryan, Vahe"]
[WhiteFideId "2010011"]
[BlackFideId "13303139"]
[WhiteElo "2239"]
[BlackElo "2403"]
[Result "1-0"]
[Round "8"]
[TimeControl "180+1"]
[Date "2023.08.22"]
[WhiteClock "0:00:03"]
[BlackClock "0:00:04"]
[Board "171"]

1. d4 d5 2. c4 e6 3. Nc3 Be7 4. Nf3 Nf6 5. Bg5 h6 6. Bh4 O-O 7. e3 b6 8. Qb3 Bb7 9. Bxf6 Bxf6 10. cxd5 exd5 11. Rd1 Nd7 12. Nxd5 Bxd5 13. Qxd5 Qe7 14. Bb5 Rad8 15. Qb3 c5 16. O-O cxd4 17. Nxd4 Nc5 18. Qa3 Qc7 19. Be2 a5 20. Bf3 Rfe8 21. g3 Rd7 22. Bc6 Rxd4 23. exd4 Qxc6 24. dxc5 bxc5 25. b3 Qb5 26. Rfe1 Rc8 27. Qa4 Qb6 28. Re8+ Rxe8 29. Qxe8+ Kh7 30. Qxf7 Qc6 31. Rd7 a4 32. Qd5 Qb6 33. Qe4+ Kg8 34. Qxa4 Qb8 35. Qc4+ Kh7 36. Qe4+ Kg8 37. Qd5+ Kh7 38. Qxc5 Kh8 39. Qd5 Qa8 40. Qxa8+ Kh7 41. Qe4+ Kg8 42. Qg6 Kf8 43. Rf7+ Ke8 44. Rxg7+ Kd8 45. Qxf6+ Kc8 46. Qf8# 1-0


[Site "https://www.chess.com"]

[Event "Titled Tuesday Blitz August 22 Early 2023"]
[White "Mrudul Dehankar"]
[Black "KSho99"]
[WhiteFideId "25096990"]
[WhiteElo "2403"]
[BlackElo "2235"]
[Result "1-0"]
[Round "8"]
[TimeControl "180+1"]
[Date "2023.08.22"]
[WhiteClock "0:00:05"]
[BlackClock "0:00:01"]
[Board "172"]

1. e4 b6 2. d4 Bb7 3. Bd3 g6 4. Nf3 Bg7 5. c3 d6 6. O-O Nd7 7. Re1 e6 8. Nbd2 Ne7 9. Nf1 O-O 10. Ng3 c5 11. h4 h6 12. Be3 Nf6 13. Nh2 e5 14. Qf3 Nh7 15. Ng4 h5 16. Nh6+ Bxh6 17. Bxh6 Re8 18. Bc4 d5 19. exd5 Bxd5 20. Bxd5 Qxd5 21. Ne4 f5 22. Nd2 Qxf3 23. Nxf3 e4 24. Ne5 cxd4 25. cxd4 Nf6 26. Rac1 Rac8 27. Bg5 Ned5 28. Nxg6 Ng4 29. f3 Rxc1 30. Rxc1 Nge3 31. Re1 Nc2 32. Rd1 e3 33. Rc1 e2 34. Bd2 Nxd4 35. Kf2 Kf7 36. Nf4 Nxf4 37. Bxf4 Nc2 38. Bd2 Nb4 39. Bxb4 1-0


[Site "https://www.chess.com"]

[Event "Titled Tuesday Blitz August 22 Early 2023"]
[White "Tomaszewski, Kacper"]
[Black "Thiel, Thomas"]
[WhiteFideId "1127373"]
[BlackFideId "4615964"]
[WhiteElo "2401"]
[BlackElo "2233"]
[Result "1-0"]
[Round "8"]
[TimeControl "180+1"]
[Date "2023.08.22"]
[WhiteClock "0:00:19"]
[BlackClock "0:00:04"]
[Board "173"]

1. c4 e5 2. Nc3 Nc6 3. e3 f5 4. d4 e4 5. a3 Nf6 6. b4 Be7 7. b5 Nb8 8. Qb3 d6 9. Nh3 Be6 10. Ng5 Bg8 11. h4 h6 12. Nh3 Bf7 13. Be2 O-O 14. Nf4 Qe8 15. h5 Nbd7 16. a4 Nh7 17. Ba3 Ng5 18. Ncd5 Bd8 19. c5 dxc5 20. dxc5 c6 21. bxc6 bxc6 22. Qb7 cxd5 23. c6 Nf6 24. O-O Bb6 25. a5 Rb8 26. axb6 Rxb7 27. cxb7 Qb8 28. Bxf8 axb6 29. Ba6 Kxf8 30. Rfc1 Ke7 31. Rc8 Qe5 32. Rac1 Nd7 33. R1c7 Qa1+ 34. Kh2 1-0


[Site "https://www.chess.com"]

[Event "Titled Tuesday Blitz August 22 Early 2023"]
[White "hsd2016"]
[Black "Ronka, Erik"]
[BlackFideId "505080"]
[WhiteElo "2232"]
[BlackElo "2400"]
[Result "0-1"]
[Round "8"]
[TimeControl "180+1"]
[Date "2023.08.22"]
[WhiteClock "0:01:16"]
[BlackClock "0:00:11"]
[Board "174"]

1. e4 e5 2. Nf3 Nc6 3. Bb5 a6 4. Bxc6 dxc6 5. O-O Bg4 6. h3 h5 7. d3 Qf6 8. Nbd2 Be6 9. Re1 g5 10. Nc4 g4 11. Nfxe5 gxh3 12. Qf3 Qxf3 13. Nxf3 hxg2 14. Kxg2 O-O-O 15. Bf4 Nh6 16. Nce5 Ng4 17. Nxg4 hxg4 18. Ng5 Bg7 19. Nxe6 fxe6 20. Rab1 Rh3 21. b3 Rdh8 22. Rh1 Bd4 23. Bg3 Kd7 24. Rxh3 gxh3+ 25. Kf3 e5 26. Rh1 Kd6 27. Kg4 Kc5 28. Kf5 Kb4 29. Bxe5 Rf8+ 30. Ke6 Re8+ 31. Kd7 Rxe5 32. Rxh3 Bxf2 33. Kxc7 Re7+ 34. Kb8 Kc3 35. Rh2 Bg3+ 0-1


[Site "https://www.chess.com"]

[Event "Titled Tuesday Blitz August 22 Early 2023"]
[White "Andrade Truyol, Geiner Jose"]
[Black "Rom, Jasper"]
[WhiteFideId "4431987"]
[BlackFideId "2023733"]
[WhiteElo "2223"]
[BlackElo "2392"]
[Result "0-1"]
[Round "8"]
[TimeControl "180+1"]
[Date "2023.08.22"]
[WhiteClock "0:00:14"]
[BlackClock "0:01:16"]
[Board "175"]

1. e4 e6 2. d3 d5 3. Nd2 Nf6 4. Ngf3 dxe4 5. dxe4 Bc5 6. Be2 Nc6 7. O-O e5 8. c3 a5 9. a4 O-O 10. Qb3 Rb8 11. Qb5 Qe7 12. h3 Bd7 13. Qb3 Nh5 14. Bc4 Nf4 15. Re1 Qf6 16. Bf1 Be6 17. Qc2 Rbd8 18. b3 Rfe8 19. Ba3 Bb6 20. c4 Nd4 21. Nxd4 Bxd4 22. Rad1 Nxh3+ 23. Kh1 Nxf2+ 24. Kg1 0-1


[Site "https://www.chess.com"]

[Event "Titled Tuesday Blitz August 22 Early 2023"]
[White "Labussiere, Yago"]
[Black "Kuchava, Ana"]
[WhiteFideId "2186969"]
[BlackFideId "13605348"]
[WhiteElo "2373"]
[BlackElo "2180"]
[Result "1-0"]
[Round "8"]
[TimeControl "180+1"]
[Date "2023.08.22"]
[WhiteClock "0:00:45"]
[BlackClock "0:00:00"]
[Board "177"]

1. c4 e6 2. g3 Nf6 3. Nf3 d5 4. Bg2 d4 5. O-O c5 6. e3 Nc6 7. exd4 cxd4 8. Re1 Bd6 9. d3 O-O 10. Bg5 e5 11. Nbd2 h6 12. Bxf6 Qxf6 13. a3 Bf5 14. Ne4 Bxe4 15. Rxe4 a5 16. Nd2 Qg6 17. Qb3 Rab8 18. Re2 Kh8 19. Ne4 f5 20. Nxd6 Qxd6 21. Rae1 Rfe8 22. Qb5 e4 23. Qxf5 Re5 24. Qf4 Rf8 25. Qd2 exd3 26. Qxd3 Rxe2 27. Qxe2 d3 28. Qe3 Rd8 29. Rd1 Ne5 30. b3 Ng4 31. Qe4 Qd4 32. Qxd4 Rxd4 33. Bxb7 a4 34. bxa4 Rxc4 35. Rxd3 Rxa4 36. Bc6 Rc4 37. Bd5 Rc2 38. Rf3 Ne5 39. Rf8+ Kh7 40. Be4+ 1-0


[Site "https://www.chess.com"]

[Event "Titled Tuesday Blitz August 22 Early 2023"]
[White "Buscar, Michael"]
[Black "Cagara, Paulina"]
[WhiteFideId "2603616"]
[BlackFideId "1124870"]
[WhiteElo "2355"]
[BlackElo "2145"]
[Result "0-1"]
[Round "8"]
[TimeControl "180+1"]
[Date "2023.08.22"]
[WhiteClock "0:00:59"]
[BlackClock "0:01:14"]
[Board "178"]

1. Nf3 f5 2. b3 Nf6 3. Bb2 g6 4. Bxf6 exf6 5. e3 d5 6. d4 c6 7. Nbd2 Bd6 8. c4 Be6 9. Be2 O-O 10. O-O f4 11. e4 dxe4 12. Nxe4 Be7 13. d5 Bf5 14. Nc3 Bb4 15. Rc1 Ba3 16. Nd4 Bxc1 17. Qxc1 Bd7 18. Qxf4 Na6 19. Rd1 c5 20. Ne6 Bxe6 21. dxe6 Qc7 22. Qe3 Rae8 23. Rd7 Qxd7 24. exd7 Rxe3 25. fxe3 Nb8 26. Bf3 Nxd7 27. Bxb7 Kf7 28. Kf2 Ke6 29. Bd5+ Ke5 30. Bf3 g5 31. Nd5 f5 32. h3 g4 33. Be2 gxh3 34. gxh3 Nf6 35. Bd3 Nxd5 36. cxd5 Kxd5 37. Kf3 Ke5 38. a4 Rg8 39. Bc4 Rg1 40. Bf7 h6 41. Bc4 h5 42. Kf2 Rh1 43. Kg2 Re1 44. Kf2 Rc1 45. Kg3 Ke4 46. Be6 Rc3 47. Kh4 Rxe3 48. Kxh5 Rxh3+ 49. Kg5 Rg3+ 50. Kh4 f4 51. Bd7 Rg7 52. Bc6+ Ke3 0-1


[Site "https://www.chess.com"]

[Event "Titled Tuesday Blitz August 22 Early 2023"]
[White "Feliz Dotel, Dewar Bienvenido"]
[Black "Ardila, Oscar Humberto"]
[WhiteFideId "6402801"]
[BlackFideId "4404742"]
[WhiteElo "2140"]
[BlackElo "2328"]
[Result "1-0"]
[Round "8"]
[TimeControl "180+1"]
[Date "2023.08.22"]
[WhiteClock "0:00:46"]
[BlackClock "0:00:00"]
[Board "179"]

1. d4 Nf6 2. e3 e6 3. Nf3 Be7 4. Bd3 O-O 5. O-O b6 6. b3 Bb7 7. Bb2 c5 8. Nbd2 Nc6 9. a3 Rc8 10. c3 cxd4 11. exd4 Qc7 12. Re1 Qf4 13. Ne4 Nxe4 14. Rxe4 Qc7 15. Re1 f5 16. c4 Bd6 17. Rc1 Bf4 18. Rc2 Na5 19. Rce2 Bxf3 20. gxf3 Bxh2+ 21. Kg2 Rf6 22. Rh1 Rg6+ 23. Kf1 Qf4 24. d5 Qh4 25. dxe6 Qh3+ 26. Ke1 dxe6 27. Rxe6 Rxe6+ 28. Kd2 Bf4+ 29. Kc2 Qg2 30. Bxf5 Qxf2+ 31. Kb1 Rd6 32. Bxh7+ 1-0


[Site "https://www.chess.com"]

[Event "Titled Tuesday Blitz August 22 Early 2023"]
[White "Coelho, Ramyres Santana"]
[Black "Seifert, Henryk"]
[WhiteFideId "2120690"]
[BlackFideId "1100963"]
[WhiteElo "2316"]
[BlackElo "2135"]
[Result "1-0"]
[Round "8"]
[TimeControl "180+1"]
[Date "2023.08.22"]
[WhiteClock "0:01:15"]
[BlackClock "0:00:00"]
[Board "180"]

1. e4 e6 2. d4 d5 3. Nc3 Nf6 4. e5 Nfd7 5. f4 c5 6. Nf3 Nc6 7. Be3 Qb6 8. a3 cxd4 9. Nxd4 Nxd4 10. Bxd4 Qd8 11. Bd3 Bc5 12. Bxc5 Nxc5 13. O-O Bd7 14. Kh1 O-O 15. Rf3 Nxd3 16. Qxd3 f5 17. exf6 Qxf6 18. Raf1 a6 19. f5 Rae8 20. fxe6 Qxe6 21. Rxf8+ Rxf8 22. Rxf8+ Kxf8 23. Qf3+ Kg8 24. Qxd5 Qxd5 25. Nxd5 Be6 26. Ne3 Kf7 27. Kg1 Kf6 28. Kf2 Ke5 29. Kf3 h6 30. c3 b6 31. g3 a5 32. Nc2 Bd5+ 33. Ke3 Kf5 34. Nd4+ Kg4 35. Ne2 Bc4 36. Nf4 g5 37. Ng6 1-0


[Site "https://www.chess.com"]

[Event "Titled Tuesday Blitz August 22 Early 2023"]
[White "Nugumanov, Bakhtiyar"]
[Black "Battlecruiser_Operational"]
[WhiteFideId "13701797"]
[WhiteElo "2123"]
[BlackElo "2315"]
[Result "0-1"]
[Round "8"]
[TimeControl "180+1"]
[Date "2023.08.22"]
[WhiteClock "0:00:00"]
[BlackClock "0:00:03"]
[Board "181"]

1. Nf3 e6 2. c4 f5 3. g3 Nf6 4. Bg2 Be7 5. O-O O-O 6. Nc3 c5 7. d4 cxd4 8. Nxd4 Nc6 9. Ndb5 d6 10. e4 a6 11. Nd4 Nxd4 12. Qxd4 e5 13. Qd3 fxe4 14. Nxe4 Bf5 15. Nxf6+ Rxf6 16. Qd5+ Be6 17. Qxb7 Rb8 18. Qxa6 Qc7 19. b3 h6 20. Be3 Kh7 21. Qc6 Qa5 22. Qe4+ Bf5 23. Qd5 Qa3 24. Be4 g6 25. Qd3 Qb2 26. Rfb1 Qa3 27. Rd1 Qb2 28. Bxf5 gxf5 29. Qd2 Qa3 30. Qc2 Qa8 31. Rd5 Rg8 32. Bd2 Kh8 33. b4 f4 34. Bc3 Qc8 35. Qd3 Qh3 36. Qf1 Qg4 37. c5 fxg3 38. hxg3 Qf3 39. Qg2 Qxc3 40. Rad1 Qxb4 41. cxd6 Bxd6 42. Qh3 Bf8 43. Rd7 Qa4 44. Qg2 Bg7 45. R1d2 Qa3 46. R7d3 Qa4 47. Rd7 Qa5 48. R7d3 Qa8 49. Qf1 Qb8 50. a4 Qf8 51. a5 e4 52. Re3 Re6 53. Rde2 Qe7 54. Qg2 Re8 55. Qh3 Bd4 56. Rb3 e3 57. f3 Ba7 58. Rb5 Kg7 59. Qg4+ Rg6 60. Qf4 Qf6 61. Rb7+ Re7 0-1


[Site "https://www.chess.com"]

[Event "Titled Tuesday Blitz August 22 Early 2023"]
[White "micke12a"]
[Black "Zepeda Berlanga, Jan Enrique"]
[BlackFideId "5132355"]
[WhiteElo "2315"]
[BlackElo "2007"]
[Result "1-0"]
[Round "8"]
[TimeControl "180+1"]
[Date "2023.08.22"]
[WhiteClock "0:00:19"]
[BlackClock "0:00:00"]
[Board "182"]

1. e4 c5 2. Nf3 d6 3. d4 cxd4 4. Qxd4 Nc6 5. Qe3 Nf6 6. Be2 g6 7. O-O Bg7 8. h3 O-O 9. Rd1 Qc7 10. c4 Be6 11. Nc3 Na5 12. Nd5 Bxd5 13. cxd5 Rac8 14. Bd2 Nc4 15. Bxc4 Qxc4 16. Re1 Nd7 17. Qxa7 Bxb2 18. Rab1 Bf6 19. Qxb7 Nc5 20. Qb5 Qxa2 21. e5 Bxe5 22. Nxe5 dxe5 23. Bb4 Ne4 24. Qf1 Qxd5 25. Bxe7 Rfe8 26. Ba3 Qe6 27. Rxe4 Rc3 28. Bb2 Rc5 29. Rbe1 Qb3 30. Bxe5 f5 31. R4e3 Rcxe5 32. Rxe5 Rxe5 33. Rxe5 Qf7 34. Qe2 Qb7 35. Re7 Qb1+ 36. Kh2 Qb8+ 37. g3 Qb2 38. Qe6+ 1-0


[Site "https://www.chess.com"]

[Event "Titled Tuesday Blitz August 22 Early 2023"]
[White "abelmat"]
[Black "Sovetbekova, Nurai"]
[BlackFideId "13801910"]
[WhiteElo "1926"]
[BlackElo "2313"]
[Result "1/2-1/2"]
[Round "8"]
[TimeControl "180+1"]
[Date "2023.08.22"]
[WhiteClock "0:00:04"]
[BlackClock "0:00:07"]
[Board "183"]

1. d4 Nf6 2. c4 e6 3. Nf3 d5 4. Nc3 dxc4 5. e3 a6 6. a4 c5 7. Bxc4 Nc6 8. O-O Be7 9. d5 exd5 10. Nxd5 Nxd5 11. Bxd5 Qc7 12. e4 O-O 13. h3 Bf6 14. Qe2 Nb4 15. Bc4 Re8 16. Re1 Be6 17. e5 Bxc4 18. Qxc4 Bxe5 19. Nxe5 Rxe5 20. Bf4 Rxe1+ 21. Rxe1 Qc6 22. b3 h6 23. Re7 Nd5 24. Re5 Nxf4 25. Qxf4 Rd8 26. Re7 Rf8 27. Qc7 Qxc7 28. Rxc7 Rb8 29. Rxc5 Kf8 30. Rc7 g6 31. b4 Kg7 32. g4 Kf6 33. Kg2 Ke6 34. f4 f5 35. Kf3 fxg4+ 36. hxg4 Kf6 37. Rh7 b5 38. a5 Rc8 39. Rxh6 Rc3+ 40. Kg2 Rc4 41. f5 Rxg4+ 42. Kf3 Kxf5 43. Rh8 Rxb4 44. Rf8+ Kg5 45. Ra8 Ra4 46. Rxa6 b4 47. Ke3 b3 48. Rb6 Ra3 49. Kf2 Ra2+ 50. Kf3 b2 51. a6 Rxa6 52. Rxb2 Ra3+ 53. Kg2 Kg4 54. Rb4+ Kh5 55. Rb5+ g5 56. Rb8 Kg4 57. Rb4+ Kh5 58. Rb8 Ra4 59. Rb3 Re4 60. Rf3 Rg4+ 61. Kh2 Rh4+ 62. Kg3 Rg4+ 63. Kh2 Ra4 64. Kg3 Rb4 65. Rd3 Rb2 66. Ra3 Re2 67. Rb3 Re4 68. Ra3 Rg4+ 69. Kh3 Rb4 70. Rc3 Rb1 71. Kg3 Rg1+ 72. Kh3 Rg4 73. Rb3 Rg1 74. Rc3 g4+ 75. Kh2 Rd1 76. Kg3 Rd2 77. Rc5+ Kg6 78. Kxg4 Rd6 79. Re5 Rf6 80. Re4 Rf7 81. Kg3 Kg7 82. Rg4+ Kf6 83. Rf4+ Ke7 84. Rxf7+ Kxf7 1/2-1/2


[Site "https://www.chess.com"]

[Event "Titled Tuesday Blitz August 22 Early 2023"]
[White "Berezin, Viktor"]
[Black "Senft, Sean"]
[WhiteFideId "14107872"]
[BlackFideId "2044960"]
[WhiteElo "2459"]
[BlackElo "2326"]
[Result "1-0"]
[Round "8"]
[TimeControl "180+1"]
[Date "2023.08.22"]
[WhiteClock "0:01:02"]
[BlackClock "0:00:29"]
[Board "184"]

1. Nf3 d5 2. c4 c6 3. g3 Nf6 4. Bg2 Bg4 5. Ne5 Bf5 6. O-O e6 7. Qb3 Qb6 8. Nc3 Nbd7 9. Nxd7 Nxd7 10. d4 Qxb3 11. axb3 Bb4 12. c5 Bxc3 13. bxc3 O-O 14. b4 a6 15. f3 Bc2 16. e4 Bb3 17. Re1 Bc4 18. Bf4 h6 19. Bd6 Rfd8 20. Bf1 Bxf1 21. Kxf1 Nf6 22. Kf2 Ne8 23. Bf4 g5 24. Bd2 f5 25. exf5 exf5 26. Re7 Rab8 27. Rae1 Ng7 28. h4 Re8 29. hxg5 hxg5 30. Bxg5 Kf8 31. Rxe8+ Rxe8 32. Rxe8+ Kxe8 33. Ke3 Kf7 34. Kf4 Kg6 35. Bh4 Ne6+ 36. Ke5 Nc7 37. g4 fxg4 38. fxg4 Nb5 39. Be1 Kg5 40. Ke6 Kxg4 41. Kd7 Kf3 42. Kc8 Ke2 43. Bh4 Nxc3 44. Kxb7 Kd3 45. Bf6 Kc4 46. Kxa6 Na4 47. b5 Nxc5+ 48. dxc5 Kxc5 49. b6 d4 50. Bxd4+ Kxd4 51. b7 c5 52. b8=Q c4 53. Qd6+ Ke3 54. Kb5 c3 55. Qa3 Kd2 56. Kc4 c2 57. Qc3+ Kd1 58. Qd3+ Kc1 59. Kb3 Kb1 60. Qxc2+ Ka1 61. Qb2# 1-0


[Site "https://www.chess.com"]

[Event "Titled Tuesday Blitz August 22 Early 2023"]
[White "Simonovic, Miroslav"]
[Black "Forgacs, Attila Jr."]
[WhiteFideId "919152"]
[BlackFideId "773654"]
[WhiteElo "2250"]
[BlackElo "2450"]
[Result "1-0"]
[Round "8"]
[TimeControl "180+1"]
[Date "2023.08.22"]
[WhiteClock "0:00:28"]
[BlackClock "0:00:00"]
[Board "185"]

1. d4 Nf6 2. Bg5 d5 3. Bxf6 exf6 4. c4 dxc4 5. e3 Bd6 6. Bxc4 O-O 7. Nc3 Nc6 8. a3 Bf5 9. Nge2 a6 10. b4 Re8 11. Bd5 Bg6 12. g3 Qd7 13. O-O Rab8 14. Bg2 Ne7 15. Ne4 Bxe4 16. Bxe4 c6 17. Nc1 f5 18. Bg2 Qe6 19. Nd3 g5 20. Nc5 Qg6 21. Qd3 Nd5 22. Rac1 a5 23. bxa5 Nf6 24. a6 bxa6 25. Bxc6 Rec8 26. Nxa6 Rb2 27. Bg2 Rxc1 28. Rxc1 Ng4 29. Rf1 Ra2 30. Nc5 Qh5 31. h3 Nh6 32. Qb3 Re2 33. e4 f4 34. Bf3 g4 35. Bxe2 Qxh3 36. e5 f3 37. Bxf3 gxf3 38. Qxf3 Ng4 39. Qg2 Qh5 40. exd6 1-0


[Site "https://www.chess.com"]

[Event "Titled Tuesday Blitz August 22 Early 2023"]
[White "Fernandez Garcia, Gumersindo"]
[Black "Shapiro, Daniel"]
[WhiteFideId "24516740"]
[BlackFideId "2001780"]
[WhiteElo "2384"]
[BlackElo "2291"]
[Result "1-0"]
[Round "8"]
[TimeControl "180+1"]
[Date "2023.08.22"]
[WhiteClock "0:00:53"]
[BlackClock "0:00:00"]
[Board "186"]

1. e4 c5 2. Nf3 d6 3. d4 cxd4 4. Nxd4 Nf6 5. Nc3 Nc6 6. Be3 Ng4 7. Nxc6 bxc6 8. Bc1 Qb6 9. Qd2 g6 10. h3 Bh6 11. f4 Ne5 12. Qf2 Qxf2+ 13. Kxf2 Nd7 14. g4 e5 15. f5 Bxc1 16. Rxc1 Bb7 17. Bc4 Nb6 18. Bb3 d5 19. exd5 cxd5 20. Rhe1 f6 21. Rcd1 gxf5 22. gxf5 Rd8 23. a4 d4 24. Nb5 a6 25. Nxd4 Nd5 26. Ne6 Rc8 27. Bxd5 Rxc2+ 28. Ke3 Bxd5 29. Rxd5 Ke7 30. Red1 Rhc8 31. Rd7+ Ke8 32. Rxh7 1-0


[Site "https://www.chess.com"]

[Event "Titled Tuesday Blitz August 22 Early 2023"]
[White "Kula, Robert"]
[Black "Nosacheva, Mariya"]
[WhiteFideId "1101218"]
[BlackFideId "34111422"]
[WhiteElo "2124"]
[BlackElo "2378"]
[Result "1-0"]
[Round "8"]
[TimeControl "180+1"]
[Date "2023.08.22"]
[WhiteClock "0:00:50"]
[BlackClock "0:00:39"]
[Board "187"]

1. e4 c5 2. Nf3 d6 3. b3 Nf6 4. Nc3 g6 5. Bb2 Bg7 6. d3 O-O 7. Be2 Nc6 8. O-O Nh5 9. g3 b5 10. Nh4 Bh3 11. Bxh5 Bxf1 12. Kxf1 gxh5 13. Qxh5 e6 14. Re1 h6 15. Kg2 Qg5 16. Qd1 b4 17. f4 Qe7 18. Na4 Bxb2 19. Nxb2 Kh7 20. f5 Rg8 21. Kh1 Ne5 22. Rf1 Rg4 23. Nc4 Rxh4 24. Nxe5 Rxh2+ 25. Kxh2 dxe5 26. f6 Qf8 27. Qh5 Qd6 28. Qxf7+ 1-0


[Site "https://www.chess.com"]

[Event "Titled Tuesday Blitz August 22 Early 2023"]
[White "Legenia, Artem"]
[Black "Skiadopoulos, Nikolaos"]
[WhiteFideId "14136945"]
[BlackFideId "4200772"]
[WhiteElo "2366"]
[BlackElo "1819"]
[Result "0-1"]
[Round "8"]
[TimeControl "180+1"]
[Date "2023.08.22"]
[WhiteClock "0:01:40"]
[BlackClock "0:01:13"]
[Board "188"]

1. b4 e5 2. a3 Nf6 3. Bb2 Bd6 4. e3 O-O 5. c4 c6 6. Nf3 Bc7 7. Be2 Re8 8. O-O d5 9. cxd5 cxd5 10. d4 e4 11. Ne5 Nbd7 12. Nxd7 Bxd7 13. Nd2 a6 14. Rc1 Bb5 15. a4 Bxe2 16. Qxe2 Qd6 17. g3 h5 18. Nb3 b6 19. Qc2 Rac8 20. Qc6 Qxb4 21. Qc3 Qf8 22. Qd2 h4 23. a5 bxa5 24. Nxa5 Bxa5 25. Qxa5 hxg3 26. Ba3 gxf2+ 27. Kh1 Rxc1 28. Rxc1 Rc8 29. Rxc8 Qxc8 30. Kg2 Qg4+ 31. Kxf2 Qf3+ 0-1


[Site "https://www.chess.com"]

[Event "Titled Tuesday Blitz August 22 Early 2023"]
[White "Buraczewski, Rafal"]
[Black "Mikhaylova, Irina"]
[WhiteFideId "1155245"]
[BlackFideId "4109040"]
[WhiteElo "2113"]
[BlackElo "2311"]
[Result "1/2-1/2"]
[Round "8"]
[TimeControl "180+1"]
[Date "2023.08.22"]
[WhiteClock "0:00:08"]
[BlackClock "0:00:19"]
[Board "189"]

1. d4 Nf6 2. c4 g6 3. Nc3 d5 4. cxd5 Nxd5 5. Qa4+ Bd7 6. Qb3 Bc6 7. f3 Bg7 8. e4 Nxc3 9. bxc3 e6 10. Be3 O-O 11. Bd3 b6 12. Ne2 Nd7 13. Rd1 Bb7 14. O-O Qc8 15. e5 c5 16. Be4 Rb8 17. Qa4 a6 18. Ng3 b5 19. Qa3 cxd4 20. cxd4 Nb6 21. Bxb7 Qxb7 22. Ne4 Nc4 23. Qb3 Nxe3 24. Qxe3 Qd5 25. Qa3 b4 26. Qxa6 Ra8 27. Qe2 Rxa2 28. Qd3 Rfa8 29. Rb1 R8a4 30. Rfc1 h6 31. Qc4 Qxc4 32. Rxc4 b3 33. Rxa4 Rxa4 34. Rxb3 Rxd4 35. Rb5 Rd5 36. Rxd5 exd5 37. Nc3 d4 38. Nb5 Bxe5 39. g3 f5 40. f4 Bf6 41. Kf2 Kf7 42. Ke2 Ke6 43. Kd3 Kd5 44. Nc7+ Kd6 45. Nb5+ Kc5 46. Nc7 Kd6 47. Nb5+ Kd5 48. Nc7+ Kd6 1/2-1/2


[Site "https://www.chess.com"]

[Event "Titled Tuesday Blitz August 22 Early 2023"]
[White "Vaglio Munoz, Jaime"]
[Black "Flis, Pawel"]
[WhiteFideId "6500145"]
[BlackFideId "1112864"]
[WhiteElo "2314"]
[BlackElo "2120"]
[Result "0-1"]
[Round "8"]
[TimeControl "180+1"]
[Date "2023.08.22"]
[WhiteClock "0:01:48"]
[BlackClock "0:01:27"]
[Board "190"]

1. e4 c5 2. a3 Nc6 3. b4 cxb4 4. axb4 Nxb4 5. c3 Nc6 6. d4 d5 7. exd5 Qxd5 8. Na3 Nf6 9. Nb5 Qd8 10. d5 Ne5 11. Bf4 Bg4 12. Bxe5 Bxd1 13. Nc7+ Kd7 14. Bb5+ Kc8 15. Nxa8 Qxd5 16. Bxf6 Qxb5 17. Rxd1 exf6 18. Ne2 Bc5 19. O-O Qxe2 20. Rfe1 Bxf2+ 21. Kh1 Bxe1 22. Ra1 Qf1# 0-1


[Site "https://www.chess.com"]

[Event "Titled Tuesday Blitz August 22 Early 2023"]
[White "Floresvillar Gonzalez, Luis Migu"]
[Black "EvgenyBurmakin"]
[WhiteFideId "5100542"]
[WhiteElo "2120"]
[BlackElo "2260"]
[Result "0-1"]
[Round "8"]
[TimeControl "180+1"]
[Date "2023.08.22"]
[WhiteClock "0:00:00"]
[BlackClock "0:00:05"]
[Board "191"]

1. e4 c5 2. d4 cxd4 3. c3 dxc3 4. Nxc3 e6 5. Nf3 a6 6. Bc4 Nc6 7. Bf4 b5 8. Bb3 d6 9. O-O Ra7 10. Rc1 Na5 11. Bc2 Rd7 12. Qe2 Bb7 13. Rfd1 Nf6 14. e5 dxe5 15. Nxe5 Rxd1+ 16. Rxd1 Qa8 17. g4 Be7 18. g5 Nd5 19. Nxd5 Bxd5 20. Qh5 g6 21. Qh6 Bf8 22. Qh3 Bg7 23. Re1 O-O 24. Ng4 Qd8 25. Nf6+ Bxf6 26. gxf6 Qxf6 27. Be5 Qg5+ 28. Kf1 Bc4+ 29. Bd3 Rd8 30. Bxc4 Nxc4 31. f4 Qf5 32. Qh4 Nd2+ 33. Kf2 Rc8 34. Qh6 f6 35. Bd6 Ne4+ 36. Rxe4 Qxe4 37. Qh4 Rc2+ 0-1


[Site "https://www.chess.com"]

[Event "Titled Tuesday Blitz August 22 Early 2023"]
[White "Palacio,Igor Da Paz"]
[Black "Hartikainen, Jarmo"]
[WhiteFideId "2121140"]
[BlackFideId "503134"]
[WhiteElo "2247"]
[BlackElo "2097"]
[Result "0-1"]
[Round "8"]
[TimeControl "180+1"]
[Date "2023.08.22"]
[WhiteClock "0:00:00"]
[BlackClock "0:00:26"]
[Board "192"]

1. e4 c5 2. Nc3 Nc6 3. g3 g6 4. Bg2 Bg7 5. d3 e6 6. Be3 b6 7. f4 Bb7 8. Nf3 d6 9. O-O Nge7 10. Rb1 O-O 11. h3 f5 12. Re1 h6 13. Nh4 Kh7 14. Bf2 Qd7 15. exf5 gxf5 16. Qh5 Nd4 17. Bxb7 Qxb7 18. Bxd4 Bxd4+ 19. Kh2 Bxc3 20. bxc3 Rf6 21. c4 Raf8 22. Re2 Ng6 23. Rbe1 Nxh4 24. Qxh4 Qf7 25. Re3 Kg7 26. a3 Re8 27. R1e2 Qb7 28. Qh5 Rg6 29. Qf3 Qxf3 30. Rxf3 Kf7 31. Rfe3 Re7 32. Kg2 Rg8 33. Kf2 Rge8 34. Re1 e5 35. Kf3 Kf6 36. R3e2 h5 37. Re3 Re6 38. R3e2 R6e7 39. Re3 Re6 40. R1e2 R6e7 41. a4 Re6 42. Re1 R6e7 43. h4 Re6 44. a5 R6e7 45. axb6 axb6 46. fxe5+ dxe5 47. Rb1 Rb7 48. Rb2 Reb8 49. Re1 b5 50. Reb1 b4 51. Ra1 Rb6 52. Ra5 Rc8 53. Rba2 Ke6 54. Ra6 Rcc6 55. Rxb6 Rxb6 56. Ra7 Kf6 57. Rh7 Kg6 58. Rc7 b3 59. cxb3 Rxb3 60. Ke3 e4 61. Rc6+ Kg7 62. Rd6 Rc3 63. Ke2 exd3+ 64. Rxd3 Rxc4 65. Rd6 f4 66. gxf4 Rxf4 67. Rc6 c4 68. Ke3 Rxh4 69. Kf3 Kf7 70. Kg3 Rg4+ 71. Kh3 Ke7 72. Rc5 Kd6 73. Rxh5 Rd4 74. Kg2 Rd5 75. Rh6+ Kc5 76. Kf1 Re5 77. Rh8 Kd4 78. Rh4+ Kc3 79. Rh3+ Kb2 80. Rh2+ Kb3 81. Rh8 c3 82. Rb8+ Kc2 83. Kf2 Kd2 84. Rd8+ Kc1 85. Rc8 c2 86. Kf3 Kb2 87. Rb8+ Kc3 88. Rc8+ Kb3 89. Rb8+ Kc4 90. Rc8+ Rc5 0-1


[Site "https://www.chess.com"]

[Event "Titled Tuesday Blitz August 22 Early 2023"]
[White "jjbolanos"]
[Black "Rodriguez Santiago, Jaime"]
[BlackFideId "3100898"]
[WhiteElo "2066"]
[BlackElo "2243"]
[Result "0-1"]
[Round "8"]
[TimeControl "180+1"]
[Date "2023.08.22"]
[WhiteClock "0:00:01"]
[BlackClock "0:00:19"]
[Board "193"]

1. e4 c6 2. Nf3 d5 3. Nc3 dxe4 4. Nxe4 Qa5 5. Bc4 Bf5 6. Qe2 e6 7. O-O Nd7 8. d4 Ngf6 9. Ng3 Bg6 10. Bf4 Be7 11. Rfe1 O-O 12. Bxe6 fxe6 13. Qxe6+ Rf7 14. Ng5 Re8 15. Nxf7 Bxf7 16. Qh3 Qb6 17. Nf5 Bf8 18. Qg3 Bg6 19. Rxe8 Nxe8 20. Re1 Qxb2 21. Nh4 Nef6 22. Nxg6 hxg6 23. Qb3+ Qxb3 24. axb3 Kf7 25. c4 Bb4 26. Re2 a5 27. f3 b5 28. Bd2 Bxd2 29. Rxd2 Nb6 30. cxb5 cxb5 31. Ra2 a4 32. bxa4 Nxa4 33. Kf2 Nd5 34. Re2 Nac3 35. Re5 b4 36. Ke1 b3 37. Kd2 b2 38. Re1 b1=Q 0-1


[Site "https://www.chess.com"]